 Dungeon Crawl Stone Soup version 0.31-a0-236-g9a0961fb85 (webtiles) character file.

Game seed: 13914028547718715235

195 qw the Shooter (level 5, -1/45 HPs)
             Began as a Minotaur Hexslinger on July 10, 2023.
             Slain by a gnoll
             ... wielding a +0 club
              (2 damage)
             ... on level 4 of the Dungeon.
             The game lasted 00:00:57 (2814 turns).

qw the Shooter (Minotaur Hexslinger)                Turns: 2814, Time: 00:00:57

Health: -1/45      AC:  5    Str: 12    XL:     5   Next: 45%
Magic:  5/5        EV: 12    Int:  9    God:
Gold:   95         SH:  0    Dex: 18    Spells: 5/6 levels left

rFire   + + .        Y - +2 sling
rCold   + . .        (no shield)
rNeg    . . .        h - +0 leather armour
rPois   .            (helmet restricted)
rElec   .            b - scarf {rC+ rF+}
rCorr   .            (no gloves)
SInv    +            (no boots)
Will    .....        (no amulet)
Stlth   +            a - ring of see invisible
HPRegen 0.27/turn    (no ring)
MPRegen 0.09/turn

%: no passive effects
@: about to teleport
A: horns 2, retaliatory headbutt, talons 1, iridescent scales 1, agile 1, fire
resistance 1
a: no special abilities


You were on level 4 of the Dungeon.
You visited 1 branch of the dungeon, and saw 4 of its levels.

You collected 195 gold pieces.
You spent 100 gold pieces at shops.


Innate Abilities, Weirdness & Mutations

You have a pair of horns on your head.
You reflexively headbutt those who attack you in melee.
You have sharp toenails.
You are partially covered in iridescent scales. (AC +2)
You are agile. (Dex +4, Str/Int -1)
Your flesh is heat resistant. (rF+)


   Skills:
 - Level 3.4 Fighting
 + Level 5.5 Ranged Weapons
 - Level 2.1 Dodging
 - Level 1.0 Spellcasting
 - Level 2.0 Hexes


You had 5 spell levels left.
You knew the following spells:

 Your Spells              Type           Power      Damage    Failure   Level
a - Slow                  Hex            16%        N/A       21%         1

Your spell library contained the following spells:

 Spells                   Type           Power      Damage    Failure   Level
 Inner Flame              Hex/Fire       2%         N/A       67%         3
 Portal Projectile        Hex/Tloc       4%         N/A       67%         3
 Cause Fear               Hex            2%         N/A       90%         4

Inventory:

Hand Weapons
 Y - a +2 sling (weapon)
Armour
 b - a scarf of resistance (worn)
 h - a +0 leather armour (worn)
Jewellery
 a - a ring of see invisible (left hand)
Scrolls
 e - 4 scrolls of identify
 f - 2 scrolls of teleportation
Potions
 d - a potion of haste

Dungeon Overview and Level Annotations

Branches:
Dungeon (4/15)
 Temple: D:4-7

Altars:
Vehumet

Shops:
D:1 ?(?[=   D:3 *

Annotations:
D:3 exclusion: moth of wrath


Message History

The gnoll hits you with a +0 whip. x2
You shoot a sling bullet. The sling bullet hits the gnoll.
The gnoll is moderately wounded.
The gnoll misses you. You furiously retaliate!
You headbutt the gnoll. You shoot a sling bullet.
The sling bullet barely misses the gnoll.
A gnoll comes into view. It is wielding a +0 whip.
A gnoll comes into view. It is wielding a +0 flail.
The gnoll hits you but does no damage. The gnoll hits you with a +0 whip.
The gnoll hits you with a +0 club.
You shoot a sling bullet. The gnoll shouts!
The sling bullet hits the gnoll.
The gnoll is heavily wounded.
The gnoll closely misses you. x2; You furiously retaliate!
You headbutt the gnoll. You shoot a sling bullet.
The sling bullet hits the gnoll.
The gnoll is almost dead.
The gnoll barely misses you. The gnoll closely misses you.
The quokka closely misses you. The gnoll hits you with a +0 club.
You shoot a sling bullet. The sling bullet hits the gnoll!
You kill the gnoll!
The quokka bites you. The gnoll hits you with a +0 whip.
The gnoll barely misses you.
2812 ||| READING 3 scrolls of teleportation.
As you read the scroll of teleportation, it crumbles to dust.
You feel strangely unstable. The quokka bites you.
The gnoll closely misses you. The gnoll hits you with a +0 whip.
The gnoll barely misses you.
The quokka bites you but does no damage.
You shoot a sling bullet.
The sling bullet hits the gnoll but does no damage.
The gnoll is heavily wounded.
The gnoll hits you with a +0 club. The gnoll hits you with a +0 whip.
The gnoll hits you with a +0 club. The quokka barely misses you.
The gnoll misses you. The gnoll completely misses you.
You shoot a sling bullet. The sling bullet hits the gnoll.
You kill the gnoll!
The gnoll hits you with a +0 club.
You die...

#..# #..#
#..# .
#.<# ..
#..# ~..
#..# .~..
#..# ..~..
#.g#g..~..
#.@rgg#
##)g#.#
#..# #
#..# #..#
!... ....
....#


You could see 4 gnolls, a quokka and a hobgoblin.

Vanquished Creatures
  A scorpion (D:4)
  A hound (D:4)
  3 gnolls (D:4)
  2 adders
  A worm (D:3)
  2 dart slugs
  An orc (D:3)
  7 endoplasms
  4 giant cockroaches
  7 goblins
  10 hobgoblins
  9 kobolds
  3 quokkas
  3 ball pythons
  3 bats
  A frilled lizard (D:3)
  3 rats
61 creatures vanquished.

Notes
Turn   | Place    | Note
-------+----------+-------------------------------------------
     0 | D:1      | qw the Minotaur Hexslinger began the quest for the Orb.
     0 | D:1      | Reached XP level 1. HP: 16/16 MP: 1/1
     0 | D:1      | 0 ||| qw: Version: 0.3-a-52-g30416fa
     0 | D:1      | 0 ||| qw: Game counter: 4833
     0 | D:1      | 0 ||| qw: Melee chars always use a shield: true
     0 | D:1      | 0 ||| qw: God list: Okawaru
     0 | D:1      | 0 ||| qw: Allow faded altars: false
     0 | D:1      | 0 ||| qw: Do Orc after clearing Dungeon:15 true
     0 | D:1      | 0 ||| qw: Do second Lair branch before Depths: true
     0 | D:1      | 0 ||| qw: Lair rune preference: random
     0 | D:1      | 0 ||| qw: Goals: Normal
     0 | D:1      | 0 ||| PLANNING D:1-11
   124 | D:1      | Reached skill level 3 in Ranged Weapons
   138 | D:1      | Reached XP level 2. HP: 23/23 MP: 2/2
   156 | D:1      | Found Zithruza's Magic Scroll Boutique.
   160 | D:1      | 160 ||| SHOPLISTING 3 scrolls of teleportation (108 gold,
                  | have 10).
   160 | D:1      | 160 ||| SHOPLISTING scroll of identify (24 gold, have 10).
   364 | D:1      | 364 ||| Stepping ~*~*~tactically~*~*~ (outnumbered).
   453 | D:1      | Found Dixaeps's Magic Scroll Shop.
   461 | D:1      | 461 ||| SHOPLISTING scroll of enchant armour (97 gold, have
                  | 15).
   461 | D:1      | 461 ||| SHOPLISTING scroll of identify (26 gold, have 15).
   529 | D:1      | Found Doyt's Jewellery Boutique.
   533 | D:1      | Reached XP level 3. HP: 29/29 MP: 3/3
   537 | D:1      | 537 ||| SHOPLISTING +4 ring of protection (468 gold, have
                  | 15).
   537 | D:1      | 537 ||| SHOPLISTING ring of fire (325 gold, have 15).
   537 | D:1      | 537 ||| SHOPLISTING ring of resist corrosion (260 gold,
                  | have 15).
   537 | D:1      | 537 ||| SHOPLISTING ring of willpower (325 gold, have 15).
   618 | D:1      | Found Arhik's Armour Boutique.
   626 | D:1      | 626 ||| SHOPLISTING +0 leather armour (24 gold, have 15).
   626 | D:1      | 626 ||| SHOPLISTING +0 pair of gloves (54 gold, have 15).
   626 | D:1      | 626 ||| SHOPLISTING +0 ring mail (48 gold, have 15).
   626 | D:1      | 626 ||| SHOPLISTING +2 pair of boots of rampaging (258
                  | gold, have 15).
   626 | D:1      | 626 ||| SHOPLISTING scarf of resistance (384 gold, have
                  | 15).
   738 | D:1      | Found Optis's Weapon Emporium.
   957 | D:1      | 957 ||| READING scroll labelled KUCZOS NENEUH.
   958 | D:1      | 958 ||| READING 4 scrolls labelled KOANUPN LOICRIPS.
   959 | D:1      | 959 ||| READING scroll labelled ZIBRYK LOFAXUR.
   960 | D:1      | 960 ||| READING scroll labelled VANOER PISIM.
   961 | D:1      | 961 ||| READING scroll labelled BANUZU MAS EDO.
   962 | D:1      | 962 ||| READING scroll labelled YDUSTR ZACREU.
   963 | D:1      | 963 ||| DROPPING scroll of poison.
  1196 | D:2      | 1196 ||| FLEEEEING.
  1348 | D:2      | Reached skill level 4 in Ranged Weapons
  1700 | D:2      | 1700 ||| UPGRADING to +0 leather armour.
  1710 | D:2      | 1710 ||| DROPPING +0 robe.
  1711 | D:2      | 1711 ||| READING scroll labelled SIUNNU HIONG.
  1812 | D:2      | 1812 ||| READING scroll labelled GUCAN CAGEFEKOECU.
  1813 | D:2      | 1813 ||| READING scroll labelled ZYMIEB FAADUG.
  1814 | D:2      | 1814 ||| DRINKING 2 emerald potions.
  1815 | D:2      | 1815 ||| READING 5 scrolls of identify.
  1815 | D:2      | 1815 ||| IDENTIFYING white potion
  1816 | D:2      | 1816 ||| READING 4 scrolls of identify.
  1816 | D:2      | 1816 ||| IDENTIFYING coppery potion
  1817 | D:2      | 1817 ||| DROPPING potion of ambrosia.
  1818 | D:2      | 1818 ||| DROPPING potion of attraction.
  1999 | D:3      | Found Ibukeyf's Assorted Antiques.
  2002 | D:3      | 2002 ||| BUYING 3 scrolls labelled JADAATECEA (75 gold).
  2002 | D:3      | Bought 3 scrolls labelled JADAATECEA for 75 gold pieces
  2002 | D:3      | 2002 ||| SHOPLISTING copper wand (100 gold, have 67).
  2002 | D:3      | 2002 ||| SHOPLISTING glowing scarf (200 gold, have 67).
  2002 | D:3      | 2002 ||| SHOPLISTING ring mail (100 gold, have 67).
  2002 | D:3      | 2002 ||| BUYING scroll labelled JADAATECEA (25 gold).
  2002 | D:3      | Bought a scroll labelled JADAATECEA for 25 gold pieces
  2098 | D:3      | Noticed a moth of wrath
  2099 | D:3      | 2099 ||| UPGRADING to scarf of resistance.
  2104 | D:3      | 2104 ||| UPGRADING to ring of see invisible.
  2105 | D:3      | 2105 ||| READING 4 scrolls labelled JADAATECEA.
  2106 | D:3      | 2106 ||| FLEEEEING.
  2146 | D:3      | Found a radiant altar of Vehumet.
  2165 | D:3      | Reached XP level 4. HP: 36/36 MP: 4/4
  2740 | D:3      | 2740 ||| DRINKING 3 cyan potions.
  2740 | D:3      | Gained mutation: You are frail. (-10% HP) [potion of
                  | mutation]
  2741 | D:3      | 2741 ||| DRINKING 2 potions of mutation.
  2741 | D:3      | Lost mutation: You are frail. (-10% HP) [potion of
                  | mutation]
  2741 | D:3      | Gained mutation: You sometimes lose your temper in combat.
                  | [potion of mutation]
  2741 | D:3      | Gained mutation: Your body sometimes deteriorates upon
                  | taking damage. [potion of mutation]
  2742 | D:3      | 2742 ||| FLEEEEING.
  2755 | D:3      | 2755 ||| DRINKING potion of mutation.
  2755 | D:3      | Lost mutation: Your body sometimes deteriorates upon taking
                  | damage. [potion of mutation]
  2755 | D:3      | Lost mutation: You sometimes lose your temper in combat.
                  | [potion of mutation]
  2755 | D:3      | Gained mutation: Your flesh is heat resistant. (rF+)
                  | [potion of mutation]
  2755 | D:3      | Gained mutation: You are partially covered in iridescent
                  | scales. (AC +2) [potion of mutation]
  2755 | D:3      | Gained mutation: You are agile. (Dex +4, Str/Int -1)
                  | [potion of mutation]
  2755 | D:3      | Gained mutation: You have sharp toenails. [potion of
                  | mutation]
  2794 | D:4      | Noticed a scorpion
  2799 | D:4      | Reached skill level 5 in Ranged Weapons
  2804 | D:4      | Killed a scorpion
  2805 | D:4      | Reached skill level 3 in Fighting
  2805 | D:4      | Reached XP level 5. HP: 31/45 MP: 5/5
  2811 | D:4      | HP: 10/45 [gnoll/+0 whip (3)]
  2812 | D:4      | 2812 ||| READING 3 scrolls of teleportation.
  2813 | D:4      | HP: 1/45 [gnoll/+0 club (4)]
  2814 | D:4      | Slain by a gnoll

Levels and vault maps discovered:
D:1:      dpeg_arrival_shelter, layout_basic, serial_shops,
          nicolae_shop_rolling_square, shop, shop, nicolae_shop_window_shopping,
          nicolae_shop_hallway_plus
D:2:      layout_basic
D:3:      layout_loops_corners, mainiacjoe_overflow_alcove_4, tgw_trog,
          serial_shops, nicolae_shop_window_shopping, minmay_cut_off
D:4:      kennysheep_goblin_castle, layout_loops_ring,
          mainiacjoe_overflow_surrounded_room, tso_metal_star,
          mainiacjoe_overflow_small_starburst, minmay_temple_entry_water_ring,
          serial_shops, shop, gammafunk_ghost_gnarly_gnolls

Skill      XL: |  1  2  3  4 |
---------------+-------------+-----
Ranged Weapons | 3 4 5 |  5.5
Fighting       | 2 3 |  3.4
Dodging        | |  2.1
Spellcasting   | |  1.0
Hexes          | |  2.0

Action                     |  1- 3 |  4- 6 || total
---------------------------+-------+-------++-------
   Fire: Sling             |   119 |    46 ||   165
    Use: Scroll            |    12 |     1 ||    13
         Potion            |     1 |     3 ||     4
 Armour: Robe              |     2 |       ||     2
         Leather armour    |     1 |     5 ||     6
  Dodge: Dodged            |    25 |    31 ||    56

Table legend:
 A = Non-vault XP
 B = Vault XP
 C = Vault XP percentage of total XP
 D = Non-vault monster count
 E = Vault monster count
 F = Vault count percentage of total count
                 A         B        C        D         E       F
            +---------+---------+-------+---------+---------+-------
      Total |     276 |      17 |   5.8 |      58 |       3 |   4.9
            +---------+---------+-------+---------+---------+-------
        D:1 |      45 |       0 |   0.0 |      23 |       0 |   0.0
        D:2 |      34 |       0 |   0.0 |      13 |       0 |   0.0
        D:3 |      30 |      17 |  36.2 |      15 |       3 |  16.7
        D:4 |     167 |       0 |   0.0 |       7 |       0 |   0.0
            +---------+---------+-------+---------+---------+-------
